Map: Вечная империя РВ

Players

ИИ 1 (новичок)

  • Race: Protoss Protoss
  • Spawn Location: 1:00

Doll - Winner!

  • Race: Zerg Zerg
  • Spawn Location: 7:00

VOD

Have the link to the VOD?

Description

Time

  • Played on: March 1, 2021, 1:07 p.m.
  • Length: 14:33
Show
View Real Time Build Order
Export as new Build Order

ИИ 1 (новичок) Protoss 

Build Orders: 1 Gate Expand, Nexus First 

Get SALT Encoding   

  12  0:00  Probe  
  13  0:13  Probe  
  14  0:20  Pylon  
  14  0:42  Gateway  
  14  1:01  Nexus  
  14  1:19  Pylon  
  14  1:21  Zealot  
  14  1:24  Assimilator  
  16  1:37  Cybernetics Core  
  16  1:39  Probe  
  17  1:51  Probe  
  18  2:01  Probe, Assimilator  
  19  2:09  Probe  
  19  2:14  Stalker  
  19  2:15  Probe  
  22  2:16  Warp Gate  
  23  2:24  Probe  
  23  2:28  Probe  
  25  2:39  Probe  
  26  2:46  Probe  
  26  2:48  Pylon  
  27  2:53  Probe  
  28  3:00  Probe  
  29  3:08  Probe  
  29  3:11  Probe  
  30  3:15  Robotics Facility  
  30  3:26  Zealot  
  30  3:35  Assimilator  
  30  3:37  Probe  
  29  3:44  Probe  
  30  3:51  Probe  
  30  3:54  Zealot  
  33  3:58  Probe  
  33  4:01  Assimilator  
  33  4:02  Observer  
  32  4:06  Probe  
  32  4:13  Probe  
  33  4:18  Observer  
  33  4:20  Probe  
  35  4:27  Probe, Stalker  
  38  4:34  Probe  
  39  4:41  Probe  
  40  4:49  Probe  
  41  4:56  Probe  
  42  5:03  Probe  
  43  5:08  Probe  
  44  5:16  Probe  
  44  5:21  Probe  
  45  5:22  Pylon  
  45  5:28  Probe  
  47  5:39  Probe, Sentry  
  50  9:31  Observer  
  50  10:31  Warp Prism  
  50  10:37  Gateway, Stalker  
  50  10:40  Robotics Bay  
  54  10:43  Stargate  
  54  10:46  Pylon  
  54  10:55  Warp Prism  
  54  11:01  Stalker  
  50  11:15  Gravitic Boosters  
  50  11:24  Observer  
  50  11:26  Zealot  
  50  11:29  Gateway  
  53  11:50  Stalker  
  55  12:00  Gravitic Drive  
  55  12:09  Nexus  
  55  13:03  Stalker  
  55  13:05  Pylon, Probe  
  51  13:13  Probe  
  27  13:23  Probe  
  27  13:26  Probe  
  28  13:31  Zealot  
  31  13:37  Probe  
  22  13:44  Probe, Void Ray  
  16  13:52  Probe  
  12  13:56  Pylon  
  12  13:59  Probe  
  10  14:06  Probe  
  10  14:09  Assimilator  
  9  14:18  Probe  
Show
View Real Time Build Order
Export as new Build Order

Doll Zerg - Winner!

Build Orders: Pool First, Muta Ling Bane, Swarm Host 

Get SALT Encoding   

  12  0:01  Drone  
  13  0:12  Overlord  
  13  0:17  Drone  
  14  0:35  Spawning Pool  
  14  0:37  Extractor  
  14  0:40  Drone  
  13  0:45  Drone  
  15  0:50  Drone  
  15  0:53  Drone  
  16  1:03  Overlord  
  16  1:14  Drone  
  17  1:22  Queen  
  17  1:24  Zergling x2  
  20  1:35  Zergling x2  
  20  1:37  Metabolic Boost  
  21  1:45  Zergling x2  
  22  1:56  Zergling x2  
  23  2:07  Zergling x2  
  24  2:11  Hatchery  
  23  2:18  Zergling x2  
  24  2:23  Extractor  
  24  2:29  Zergling x2  
  24  2:31  Zergling x4  
  24  2:34  Zergling x2  
  27  2:41  Zergling x2  
  28  2:51  Overlord  
  28  3:04  Drone x2  
  30  3:11  Drone x2  
  32  3:16  Drone  
  31  3:28  Drone x2  
  32  3:38  Queen  
  30  3:43  Drone  
  30  3:46  Drone  
  29  3:57  Drone x2  
  29  3:58  Drone  
  32  4:03  Drone  
  32  4:04  Drone  
  32  4:07  Drone  
  34  4:12  Zergling x2  
  35  4:18  Zergling x4  
  35  4:24  Baneling Nest  
  36  4:35  Zergling x2  
  36  4:37  Zergling x2  
  38  4:42  Hatchery  
  37  4:46  Drone x2  
  37  4:47  Drone  
  40  4:55  Lair  
  40  5:02  Spine Crawler  
  40  5:03  Drone  
  40  5:04  Drone  
  41  5:08  Baneling x2  
  41  5:09  Baneling  
  41  5:10  Baneling  
  41  5:11  Baneling  
  41  5:12  Baneling  
  41  5:13  Baneling  
  41  5:14  Baneling  
  41  5:15  Baneling  
  41  5:16  Baneling  
  41  5:20  Zergling x2  
  41  5:21  Zergling x2  
  43  5:22  Zergling x2  
  43  5:26  Overlord  
  44  5:38  Overlord  
  44  5:45  Zergling x2, Drone, Roach Warren  
  44  5:46  Zergling x2  
  44  5:49  Drone x2  
  48  5:50  Drone  
  48  5:51  Drone  
  50  5:57  Drone  
  50  5:59  Drone  
  50  6:00  Hydralisk Den  
  50  6:01  Drone  
  52  6:08  Queen  
  54  6:11  Drone  
  54  6:12  Drone  
  54  6:14  Drone  
  57  6:19  Extractor  
  57  6:20  Extractor  
  57  6:21  Drone  
  57  6:22  Drone x2  
  57  6:23  Drone  
  59  6:26  Overlord  
  59  6:28  Overseer  
  59  6:30  Overseer  
  59  6:37  Infestation Pit  
  58  6:40  Drone  
  58  6:41  Spore Crawler, Drone  
  58  6:42  Drone  
  60  6:49  Drone x3  
  60  6:50  Drone  
  60  6:51  Drone  
  65  6:55  Glial Reconstitution  
  65  7:00  Centrifical Hooks  
  65  7:06  Hydralisk  
  65  7:07  Hydralisk  
  69  7:10  Hydralisk  
  69  7:13  Hydralisk  
  73  7:17  Overlord  
  73  7:20  Overlord  
  73  7:22  Drone  
  74  7:27  Hive  
  74  7:37  Spire  
  74  7:38  Hydralisk, Lurker Den  
  74  7:41  Hydralisk  
  74  7:43  Drone  
  77  7:45  Drone  
  77  7:46  Drone  
  77  7:47  Drone  
  80  7:51  Drone  
  80  7:52  Drone x2  
  80  7:53  Drone  
  80  7:55  Drone  
  85  8:00  Overlord  
  85  8:01  Roach  
  85  8:02  Roach  
  85  8:03  Zergling x2  
  90  8:14  Evolution Chamber  
  90  8:16  Evolution Chamber  
  90  8:17  Evolution Chamber  
  87  8:21  Drone x2  
  87  8:22  Drone  
  87  8:23  Drone  
  87  8:24  Drone x2  
  87  8:25  Drone  
  87  8:26  Drone  
  95  8:27  Drone  
  95  8:31  Hatchery  
  95  8:35  Overlord  
  95  8:44  Ultralisk Cavern  
  95  8:45  Hydralisk  
  95  8:46  Hydralisk  
  95  8:47  Overlord  
  98  8:50  Greater Spire  
  98  8:55  Mutalisk  
  98  8:56  Mutalisk x2  
  98  8:57  Mutalisk  
  98  8:59  Overlord  
  106  9:05  Extractor  
  106  9:06  Overseer  
  106  9:07  Extractor, Mutalisk  
  106  9:08  Mutalisk  
  106  9:09  Mutalisk  
  110  9:11  Zergling x2  
  110  9:12  Drone  
  112  9:22  Zergling x4  
  112  9:23  Zergling x2  
  115  9:25  Roach x2  
  115  9:27  Zerg Melee Weapons Level 1  
  115  9:29  Zerg Missile Weapons Level 1  
  119  9:33  Drone  
  119  9:37  Overlord  
  119  9:38  Overlord  
  120  9:44  Drone x2  
  122  9:46  Infestor  
  122  9:48  Zergling x2  
  122  9:49  Zergling x6  
  122  9:50  Overlord  
  122  9:51  Overlord  
  122  9:52  Overlord  
  128  9:59  Hatchery  
  127  10:04  Infestor x2  
  131  10:07  Infestor  
  131  10:09  Baneling  
  131  10:11  Baneling  
  131  10:13  Baneling  
  133  10:14  Baneling  
  133  10:26  Roach x3  
  133  10:28  Roach x4  
  145  10:29  Roach x2  
  145  10:30  Roach  
  145  10:31  Roach  
  145  10:33  Drone  
  156  10:40  Drone  
  156  10:41  Drone x2  
  159  10:43  Queen  
  159  10:46  Queen  
  163  10:50  Queen  
  163  10:52  Queen  
  163  10:54  Overlord  
  163  10:56  Overlord  
  167  10:58  Overseer  
  167  11:02  Zerg Ground Armor Level 1  
  164  11:14  Swarm Host x3  
  164  11:15  Swarm Host x2  
  164  11:17  Swarm Host  
  182  11:19  Drone  
  182  11:20  Drone  
  182  11:21  Drone  
  182  11:22  Drone  
  182  11:24  Roach  
  188  11:26  Roach  
  188  11:28  Overlord  
  188  11:32  Overlord  
Tags
 
Add a new tag
Caveats
  • Supply blocks, unpowered buildings, or Contaminate may cause inaccurate times.
  • Supply counts are checked every 10 seconds.